 Dungeon Crawl Stone Soup version 0.18.1-2-ga659475 (webtiles) character file.

54 Hipnos the Magician (level 3, -3/24 HPs)
             Began as a Mummy Wizard on May 8, 2016.
             Slain by a gnoll
             ... wielding a +0 club
              (4 damage)
             ... on level 2 of the Dungeon.
             The game lasted 00:07:42 (1810 turns).

Hipnos the Magician (Mummy Wizard)                  Turns: 1810, Time: 00:07:43

Health: -3/24      AC:  7    Str: 10    XL:     3   Next: 66%
Magic:  1/7        EV: 12    Int: 20    God:
Gold:   38         SH:  0    Dex: 10    Spells: 2 memorised, 5 levels left

rFire  x . .     SeeInvis .     e - +1 dagger (protect)
rCold  + . .     Gourm    .     a - +0 robe
rNeg   + + +     Faith    .     (no shield)
rPois  ∞         Spirit   .     b - +0 hat
rElec  .         Dismiss  .     (no cloak)
rCorr  .         Reflect  .     (no gloves)
SustAt .         Harm     .     (no boots)
MR     .....                    (no amulet)
Stlth  ++........               (no ring)
                                f - +2 ring of intelligence

@: not resistant to hostile enchantments, unstealthy
A: no food or potions, fire vulnerability, cold resistance 1, negative energy
resistance 3, torment resistance, unbreathing
a: no special abilities


You were on level 2 of the Dungeon.
You were not hungry.

You visited 1 branch of the dungeon, and saw 2 of its levels.

You collected 38 gold pieces.

Inventory:

Hand Weapons
 d - a +0 short sword
 e - a +1 dagger of protection (weapon)
Armour
 a - a +0 robe (worn)
 b - a +0 hat (worn)
Jewellery
 f - a +2 ring of intelligence (left hand)
Books
 c - a book of Minor Magic

   Spells                             Type                      Level
   a - Magic Dart                     Conjuration                  1
   b - Blink                          Translocation                2
   c - Call Imp                       Summoning                    2
   d - Repel Missiles                 Charms/Air                   2
   e - Slow                           Hexes                        2
   f - Conjure Flame                  Conjuration/Fire             3
   g - Mephitic Cloud                 Conjuration/Poison/Air       3


   Skills:
 - Level 1.7 Dodging
 - Level 1.5 Stealth
 - Level 3.1 Spellcasting
 * Level 2.6 Conjurations
 + Level 0.8 Summonings
   Level 0.7 Translocations


You had 5 spell levels left.
You knew the following spells:

 Your Spells              Type           Power        Failure   Level  Hunger
a - Magic Dart            Conj           ##..         6%          1    N/A
b - Call Imp              Summ           #.......     17%         2    N/A

Dungeon Overview and Level Annotations

Branches:
Dungeon (2/15)

Altars:


Innate Abilities, Weirdness & Mutations

You do not eat or drink.
Your flesh is vulnerable to fire.
You are immune to poison.
Your flesh is cold resistant.
You are immune to negative energy.
You are immune to unholy pain and torment.
You can survive without breathing.


Message History

Your crimson imp hits the gnoll but does no damage.
The gnoll closely misses your crimson imp.
You see here a jackal corpse.
You swap places.
The jackal closely misses your crimson imp.
The gnoll hits you but does no damage.
The jackal closely misses your crimson imp.
You barely miss the gnoll.
Your crimson imp blinks!
The gnoll hits you but does no damage.
You hit the gnoll.
The gnoll is moderately wounded.
Your crimson imp disappears in a puff of smoke!
The jackal barely misses you. The gnoll misses you. x2
The jackal barely misses you.
You hit the gnoll.
The gnoll is moderately wounded.
The jackal closely misses you. The gnoll hits you but does no damage.
The gnoll hits you with a club.
You die...

#$ .#.#
####.##h#.#
#..)....#.#.
#†...#.#. ###
###.##.#....#
#....†#..#.##
#†.†5.#.....
#.###.#..#g#
#.# #.#.S#@#
#.# #.#..#h#
#.# #.#..#g#
#.# #.5..#g#
#<# ###S.§S#
### #.##.#
######


You could see 3 gnolls, an adder and a jackal.

Vanquished Creatures
  An adder (D:1)
  A giant gecko (D:1)
  5 bats
  3 giant cockroaches (D:1)
  4 goblins (D:1)
  5 hobgoblins (D:1)
  3 jackals
  A giant newt (D:2)
  3 kobolds (D:1)
  2 rats (D:1)
28 creatures vanquished.

Vanquished Creatures (collateral kills)
  An ooze (D:1)
  A dart slug (D:1)
  A bat (D:1)
  A giant cockroach (D:1)
  A goblin (D:1)
  4 jackals
  A kobold (D:1)
  A ball python (D:1)
11 creatures vanquished.

Grand Total: 39 creatures vanquished

Notes
Turn   | Place    | Note
--------------------------------------------------------------
     0 | D:1      | Hipnos the Mummy Wizard began the quest for the Orb.
     0 | D:1      | Reached XP level 1. HP: 13/13 MP: 4/4
   349 | D:1      | Reached skill level 1 in Conjurations
   589 | D:1      | Reached XP level 2. HP: 6/19 MP: 0/6
   781 | D:1      | Learned a level 2 spell: Call Imp
   975 | D:1      | Reached XP level 3. HP: 24/24 MP: 4/7
  1805 | D:2      | HP: 1/24 [gnoll/halberd (9)]
  1810 | D:2      | Slain by a gnoll

Skill      XL: |  1  2 |
---------------+-------+-----
Conjurations   | 1 2 |  2.6
Dodging        | |  1.7
Stealth        | |  1.5
Spellcasting   | |  3.1
Summonings     | |  0.8
Translocations | |  0.7

Action                   || total
-------------------------++-------
Melee: Short sword       ||     7
       Dagger            ||    40
       Unarmed           ||     3
 Cast: Magic Dart        ||    67
       Call Imp          ||    10
  Use: Scroll            ||     2
 Stab: Sleeping          ||     1
Armor: Robe              ||    38
Dodge: Dodged            ||    82
